 Dungeon Crawl Stone Soup version 0.30-a0-830-gfe289a77b0 (webtiles) character file.

Game seed: 7059962392770890192

7 ytrimaz the Trooper (level 2, -4/32 HPs)
             Began as an Ogre Fighter on Feb 28, 2023.
             Killed by nerve-wracking pain
             ... invoked by Jessica
              (7 damage)
             ... on level 2 of the Dungeon.
             The game lasted 00:00:33 (116 turns).

ytrimaz the Trooper (Ogre Fighter)                   Turns: 116, Time: 00:00:34

Health: -4/32      AC:  3    Str: 19    XL:     2   Next: 4%
Magic:  2/2        EV:  8    Int:  9    God:
Gold:   16         SH:  7    Dex:  8    Spells: 1/1 levels left

rFire   . . .      SeeInvis .    a - +0 flail
rCold   . . .      Faith    .    c - +0 kite shield
rNeg    . . .      Spirit   .    b - +0 robe
rPois   .          Reflect  .    (helmet restricted)
rElec   .          Harm     .    (no cloak)
rCorr   .          Rampage  .    (gloves unavailable)
Will    .....                    (boots unavailable)
Stlth   +                        (no amulet)
HPRegen 0.25/turn                (no ring)
MPRegen 0.08/turn                (no ring)

@: mighty
A: large, unfitting armour, tough skin 1
a: no special abilities


You were on level 2 of the Dungeon.
You visited 1 branch of the dungeon, and saw 2 of its levels.

You collected 16 gold pieces.


Innate Abilities, Weirdness & Mutations

You are too large for most types of armour.
You have tough skin. (AC +1)


   Skills:
 + Level 4.2 Fighting
 + Level 2.0 Maces & Flails
 + Level 2.8 Dodging
 - Level 3.0 Shields


You had one spell level left.
You didn't know any spells.
Your spell library was empty.

Inventory:

Hand Weapons
 a - a +0 flail (weapon)
Armour
 b - a +0 robe (worn)
 c - a +0 kite shield (worn)
Scrolls
 e - a scroll of enchant armour {unknown}

Dungeon Overview and Level Annotations

Branches:
Dungeon (1/15) Zot: 11873

Altars:

Annotations:
D:2 Jessica

. # #. .# #.. .#
#..#####.#
##....$...
.........
........########
.....#.@.......
........@######
#...###.#†## ##
..###.# ###.#.##
#.## #.# #.# #.#
#.#


You could see Jessica (fast).


Message History

Unknown command.
You closely miss the ball python.
The ball python bites you but does no damage.
You block the ball python's attack.
You sock the ball python!
You kill the ball python! 😎 HP[+1]
Your hp is fully restored (24).
No target in view!
You start removing your armour.
You continue taking off your +0 kite shield. x4
You finish taking off your +0 kite shield.
Your movement speed is average.
Your attack delay is about 1.3.
Your damage rating with your +0 flail is about 13 (Base 10 x 122% (Str) x 110% (Skill)).
You start putting on your armour.
You continue putting on your +0 kite shield. x4
You finish putting on your +0 kite shield.
Your movement speed is average.
Your attack delay is about 1.4 (and is slowed by your shield).
Your damage rating with your +0 flail is about 13 (Base 10 x 122% (Str) x 110% (Skill)).
e - a scroll labelled UBE NOPUROQYCS A goblin comes into view.
It is wielding a +0 dagger.
The goblin shouts!
You hear a shout!
A hobgoblin comes into view.
The goblin moves out of view.
You hear a shout!
A hobgoblin is nearby!
A hobgoblin is nearby!
The hobgoblin barely misses you.
You hit the hobgoblin but do no damage. You block the hobgoblin's attack.
You barely miss the hobgoblin. The hobgoblin barely misses you.
The goblin barely misses you. You block the hobgoblin's attack.
Unknown command.
You hit the hobgoblin. You block the goblin's attack.
The hobgoblin hits you. 😕 HP[-1]
You take 1 damage, and now have 23/24 hp.
A sourceless malevolence fills the Dungeon...
You fall into a shaft and drop 1 floor!
The shaft crumbles and collapses. 😎 HP[+1]
Your hp is fully restored (24).
No target in view!
No target in view!
No target in view!
You now have 16 gold pieces (gained 5).
A worm comes into view.
A worm is nearby!
A worm is nearby!
You barely miss the worm. The worm bites you. 😕 HP[-2]
You take 2 damage, and now have 22/24 hp.
You sock the worm!
A ball python comes into view.
Unknown command.
The ball python hisses angrily.
You hit the worm.
The worm bites you but does no damage. 😕 HP[+1] Jessica the Apprentice Sorceress comes into view.
She is wielding a +0 club.
Jessica shouts!
The worm bites you! 😮 HP[-9]
You take 9 damage, and now have 14/24 hp.
MASSIVE DAMAGE!! (PAUSE) Jessica mumbles some strange words.
Jessica blinks!
Jessica gestures wildly while chanting.
Jessica blinks!
You barely miss the worm. The worm bites you!
* * * LOW HITPOINT WARNING * * *
😱 HP[-8]
You take 8 damage, and now have 6/24 hp.
MASSIVE DAMAGE!! (PAUSE)
You feel very mighty all of a sudden.
You sock the worm!
You kill the worm!
The ball python bites you.
* * * LOW HITPOINT WARNING * * *
Your Maces & Flails skill increases to level 2!
You have reached level 2! 😱 MP[+1]
You now have 32 max hp (+8).
Your mp is fully restored (2).
You barely miss the ball python. You block the ball python's attack.
Jessica gestures wildly while chanting.
Jessica blinks!
You sock the ball python!
You kill the ball python!
Jessica gestures wildly while chanting.
Jessica seems to speed up. 😱 HP[+1] Jessica points at you and mumbles some strange words.
Pain shoots through your body!
* * * LOW HITPOINT WARNING * * *
You see here a ball python corpse. 😱 HP[-5]
You take 5 damage, and now have 2/32 hp.
Jessica shouts, "You're disturbing me!
I'll have to kill you!"
You barely miss Jessica. You block Jessica's attack.
Jessica points at you and mumbles some strange words.
Pain shoots through your body!
You die...

Skill      XL: |  1 |
---------------+----+-----
Maces & Flails | 2 |  2.0
Fighting       | |  4.2
Dodging        | |  2.8
Shields        | |  3.0

Action                     || total
---------------------------++-------
  Melee: Flail             ||    22
    Use: Potion            ||     1
 Armour: Robe              ||     8
  Dodge: Dodged            ||     6
  Block: Kite shield       ||     9

Levels and vault maps discovered:
D:1:      minmay_arrival_arboretum_small, layout_basic, minmay_worlds_worst_comb
D:2:      layout_loops_ring, uniq_jessica

Notes
Turn   | Place    | Note
-------+----------+-------------------------------------------
     0 | D:1      | ytrimaz the Ogre Fighter began the quest for the Orb.
     0 | D:1      | Reached XP level 1. HP: 24/24 MP: 1/1
     0 | D:1      | magus.rc [v1.9.6]
    89 | D:1      | You fall into a shaft and drop 1 floor!
   105 | D:2      | Noticed Jessica
   109 | D:2      | HP: 6/24 [worm (9)]
   112 | D:2      | Reached skill level 2 in Maces & Flails
   112 | D:2      | Reached XP level 2. HP: 6/32 MP: 2/2
   114 | D:2      | HP: 2/32 [Jessica/nerve-wracking pain (5)]
   116 | D:2      | Killed from afar by Jessica

Vanquished Creatures
  A worm (D:2)
  A giant cockroach (D:1)
  2 ball pythons
  A bat (D:1)
  A rat (D:1)
6 creatures vanquished.

Table legend:
 A = Non-vault XP
 B = Vault XP
 C = Vault XP percentage of total XP
 D = Non-vault monster count
 E = Vault monster count
 F = Vault count percentage of total count
                 A         B        C        D         E       F
            +---------+---------+-------+---------+---------+-------
      Total |       9 |       2 |  18.2 |       5 |       1 |  16.7
            +---------+---------+-------+---------+---------+-------
        D:1 |       3 |       2 |  40.0 |       3 |       1 |  25.0
        D:2 |       6 |       0 |   0.0 |       2 |       0 |   0.0
            +---------+---------+-------+---------+---------+-------

Illustrated notes

Table legend:
 A = Kills in this place as a percentage of kills in the entire game.
 B = Kills by you in this place as a percentage of kills by you in the entire game.
 C = Kills by friends in this place as a percentage of kills by friends in the entire game.
 D = Other kills in this place as a percentage of other kills in the entire game.
 E = Experience gained in this place as a percentage of experience gained in the entire game.
 F = Experience gained in this place divided by the number of levels of this place that you have seen.
                   A       B       C       D       E      F
               +-------+-------+-------+-------+-------+----------------------
         Total | 100.0 | 100.0 |   N/A |   N/A | 100.0 |   5.5
       Dungeon | 100.0 | 100.0 |   N/A |   N/A | 100.0 |   5.5
               +-------+-------+-------+-------+-------+----------------------

Table legend: (Time is in decaauts)
 A = Elapsed time spent in this place.
 B = Non-inter-level travel time spent in this place.
 C = Inter-level travel time spent in this place.
 D = Time resting spent in this place.
 E = Time spent auto-exploring this place.
 F = Levels seen in this place.
 G = Mean time per level.
                   A        B        C        D        E       F      G
               +--------+--------+--------+--------+--------+-----+--------+
         Total |    125 |    125 |      0 |      0 |     40 |   2 |   62.5 |
       Dungeon |    125 |    125 |      0 |      0 |     40 |   2 |   62.5 |
               +--------+--------+--------+--------+--------+-----+--------+

Top non-repeatable levels by time:
     D:1: 95 daAuts
     D:2: 29 daAuts
